 Dungeon Crawl Stone Soup version 0.27-a0-594-g2aaa8dbbc2 (webtiles) character file.

Game seed: 6285914806558172900

8911 ReteAZ the Protected (level 11, -4/86 HPs)
             Began as a Gnoll Wanderer on Mar 11, 2021.
             Was an Initiate of Gozag.
             Slain by a troll (10 damage)
             ... on level 11 of the Dungeon.
             The game lasted 00:18:20 (13131 turns).

ReteAZ the Protected (Gnoll Wanderer)              Turns: 13131, Time: 00:18:20

Health: -4/86      AC:  9    Str: 10    XL:     11   Next: 38%
Magic:  20/20      EV: 14    Int: 17    God:    Gozag
Gold:   2016       SH:  0    Dex: 11    Spells: 17/22 levels left

rFire    + . .     SeeInvis .   H - +2 long sword (flame)
rCold    + . .     Faith    .   (no shield)
rNeg     + . .     Spirit   .   I - +0 steam dragon scales
rPois    .         Reflect  .   q - +0 helmet
rElec    .         Harm     .   G - scarf {rC+ rF+}
rCorr    .         Rampage  .   (no gloves)
Will     .....                  O - +0 pair of boots
Stlth    +++.......             D - amulet of regeneration
HPRegen  1.24/turn              e - ring of wizardry
MPRegen  0.17/turn              s - ring of positive energy

@: no status effects
A: fangs 1, strong nose, distributed training
a: Renounce Religion, Potion Petition, Call Merchant, Bribe Branch


You were on level 11 of the Dungeon.
You worshipped Gozag.
Gozag was most pleased with you.
You visited 1 branch of the dungeon, and saw 11 of its levels.

You collected 2181 gold pieces.
You spent 142 gold pieces at shops.
You paid 23 gold pieces to Gozag.

Inventory:

Hand Weapons
 a - a +0 mace
 c - a +0 short sword
 d - a +0 dagger
 l - a +4 flail
 m - a +1 vorpal spear
 w - the +3 rapier "Voageo" {holy, rC+ Stlth+}
   (You found it on level 6 of the Dungeon)

   It has been blessed by the Shining One to cause great damage to the undead
   and demons.
   It protects you from cold.
   It makes you more stealthy.
 H - a +2 long sword of flaming (weapon)
 T - a +0 broad axe
Armour
 b - a +2 scale mail
 q - a +0 helmet (worn)
 G - a scarf of resistance (worn)
 I - +0 steam dragon scales (worn)
 L - a +1 cloak
 O - a +0 pair of boots (worn)
Jewellery
 e - a ring of wizardry (right hand)
 s - a ring of positive energy (left hand)
 x - a ring of ice
 C - an amulet of guardian spirit
 D - an amulet of regeneration (around neck)
Wands
 r - a wand of flame (38)
 t - a wand of iceblast (19)
 u - a wand of acid (4)
 y - a wand of random effects (16)
 A - a wand of digging (11)
Scrolls
 g - 10 scrolls of teleportation
 h - 2 scrolls of blinking
 i - a scroll of fear
 j - 3 scrolls of immolation
 k - 4 scrolls of amnesia
 n - a scroll of enchant armour
 o - 15 scrolls of identify
 p - a scroll of random uselessness
 K - a scroll of magic mapping
 N - a scroll of noise {unknown}
 P - a scroll of vulnerability {unknown}
 R - a scroll of brand weapon {unknown}
Potions
 f - 7 potions of curing
 v - a potion of ambrosia {unknown}
 z - 4 potions of lignification {unknown}
 B - a potion of mutation {unknown}
 E - 2 potions of might {unknown}
 F - 2 potions of flight {unknown}
 J - a potion of heal wounds
 M - a potion of invisibility {unknown}
 Q - a potion of resistance {unknown}
 S - a potion of magic {unknown}
 U - a potion of cancellation
 V - a potion of haste


   Skills:
 + Level 7.8 Fighting
 + Level 7.8 Short Blades
 + Level 6.2 Long Blades
 + Level 6.2 Axes
 + Level 6.8 Maces & Flails
 + Level 6.2 Polearms
 + Level 6.2 Staves
 + Level 6.2 Slings
 + Level 6.2 Bows
 + Level 6.2 Crossbows
 + Level 6.2 Throwing
 + Level 9.1 Armour
 + Level 6.2 Dodging
 + Level 7.6 Stealth
 + Level 6.2 Shields
 + Level 6.2 Unarmed Combat
 + Level 6.2 Spellcasting
 + Level 5.1 Conjurations
 + Level 5.1 Hexes
 + Level 5.1 Summonings
 + Level 5.1 Necromancy
 + Level 5.1 Translocations
 + Level 5.1 Transmutations
 + Level 5.1 Fire Magic
 + Level 5.1 Ice Magic
 + Level 5.1 Air Magic
 + Level 5.1 Earth Magic
 + Level 5.1 Poison Magic
 + Level 6.8 Invocations
 + Level 6.2 Evocations


You had 17 spell levels left.
You knew the following spells:

 Your Spells              Type           Power      Damage    Failure   Level
a - Shock                 Conj/Air       88%        1d8       1%          1
b - Airstrike             Air            11%        N/A       6%          4

Your spell library contained the following spells:

 Spells                   Type           Power      Damage    Failure   Level
 Swiftness                Air            22%        N/A       1%          2
 Confusing Touch          Hex            22%        N/A       1%          3
 Gell's Gravitas          Tloc           11%        N/A       1%          3
 Static Discharge         Conj/Air       22%        N/A       1%          3
 Petrify                  Tmut/Erth      22%        N/A       6%          4
 Lightning Bolt           Conj/Air       11%        1d24      16%         5
 Metabolic Englaciation   Hex/Ice        11%        N/A       16%         5
 Yara's Violent Unravell  Hex/Tmut       11%        3d6       16%         5


Dungeon Overview and Level Annotations

Branches:
Dungeon (11/15)            Temple (0/1) D:4
   Lair: D:8-11         Orc: D:9-12

Altars:
Cheibriados
Gozag
Makhleb
Nemelex Xobeh
Okawaru
Qazlal
Trog
Xom
Zin

Shops:
D:4 ?

Annotations:
D:6 5 runed translucent doors


Innate Abilities, Weirdness & Mutations

You have very sharp teeth.
Your uncanny sense of smell can sniff out nearby items.
Your experience applies equally to all skills.


Message History

You are too injured to fight recklessly!
You are too injured to fight recklessly!
You are too injured to fight recklessly!
You are too injured to fight recklessly!
You are too injured to fight recklessly!
You are too injured to fight recklessly!
You are too injured to fight recklessly!
You are too injured to fight recklessly!
You are too injured to fight recklessly!
You are too injured to fight recklessly!
You are too injured to fight recklessly!
You are too injured to fight recklessly!
You are too injured to fight recklessly!
You are too injured to fight recklessly!
You are too injured to fight recklessly!
You barely miss the troll. You punch the troll. Your bite misses the troll.
The troll is moderately wounded.
The troll bites you! The troll claws you. The troll completely misses you.
You hit the troll. You burn the troll.
The troll is heavily wounded.
The troll completely misses you. The troll barely misses you.
The troll misses you.
You slash the troll! You burn the troll.
The troll is severely wounded.
The troll bites you! The troll misses you. x2
You barely miss the troll.
The troll is severely wounded.
The troll bites you!
* * * LOW HITPOINT WARNING * * *
The troll claws you.
* * * LOW HITPOINT WARNING * * *
The troll claws you.
* * * LOW HITPOINT WARNING * * *
You hit the troll. You burn the troll. Your punch misses the troll.
The troll is almost dead.
The troll bites you!
* * * LOW HITPOINT WARNING * * *
The troll claws you but does no damage. The troll claws you!
You die...
Your body crumbles into a pile of gold.

#### .... ...
#.#.. $∆ #.#.#
.#
#####.#T###....
$ .......@$...#
#####.#.###.#
#.#.# #.#.#
#####.#.#
#.....#.#####.
#.###.........#
#.# ###......##
#.# ######.#


You could see a troll.

Vanquished Creatures
  A two-headed ogre (D:10)
  An unseen horror (D:11)
  A deep elf pyromancer (D:9)
  Maggie (D:6)
  2 trolls
  Grinder (D:3)
  Prince Ribbit (D:6)
  A hornet (D:10)
  Sigmund (D:6)
  A shadow (D:9)
  A wraith (D:10)
  A wyvern (D:9)
  Eustachio (D:5)
  6 yaks
  A steam dragon (D:8)
  Edmund (D:5)
  4 water moccasins
  Duvessa (D:4)
  2 sky beasts (D:9)
  An eye of draining (D:10)
  2 orc warriors
  An ice beast (D:8)
  A black bear (D:9)
  An ogre (D:4)
  2 centaurs
  3 phantoms
  A kobold brigand (D:7)
  Blork the orc (D:6)
  A gnoll sergeant (D:8)
  3 bullfrogs
  Dowan (D:4)
  A wyvern skeleton (D:10)
  3 scorpions
  3 killer bees (D:8)
  2 wights (D:9)
  5 howler monkeys
  3 quasits
  4 hounds
  2 bullfrog skeletons
  4 jellies
  3 orc priests
  Crazy Yiuf (D:6)
  A centaur zombie (D:7)
  2 iguanas
  A gnoll shaman (D:7)
  Ijyb (D:4)
  10 orc wizards
  3 worker ants
  A hound zombie (D:5)
  2 hound skeletons
  A worker ant zombie (D:5)
  16 gnolls
  13 adders
  2 shadow imps (D:7)
  A white imp (D:6)
  An ufetubus (D:6)
  An ooze (D:1)
  An adder zombie (D:7)
  3 worms
  2 dart slugs
  9 leopard geckos
  31 orcs
  A ball python (D:4)
  2 giant cockroaches
  15 goblins
  12 hobgoblins
  11 jackals
  7 quokkas
  6 bats
  6 frilled lizards
  11 kobolds
  A quokka skeleton (D:4)
  11 rats
263 creatures vanquished.

Vanquished Creatures (others)
  An orc wizard (D:10)
  A gnoll (D:7)
  An adder (D:7)
  An orc (D:7)
4 creatures vanquished.

Grand Total: 267 creatures vanquished

Notes
Turn   | Place    | Note
-------+----------+-------------------------------------------
     0 | D:1      | ReteAZ the Gnoll Wanderer began the quest for the Orb.
     0 | D:1      | ReteAZ set off with the following items: a +0 mace, a +2
                  | scale mail, a +0 short sword, a +0 dagger
     0 | D:1      | Reached XP level 1. HP: 20/20 MP: 1/1
    73 | D:1      | Reached XP level 2. HP: 25/26 MP: 2/2
   389 | D:1      | Reached XP level 3. HP: 17/31 MP: 3/3
  1198 | D:2      | Reached skill level 1 in Invocations
  1492 | D:1      | Reached skill level 1 in Long Blades
  1492 | D:1      | Reached skill level 1 in Axes
  1492 | D:1      | Reached skill level 1 in Polearms
  1492 | D:1      | Reached skill level 1 in Staves
  1492 | D:1      | Reached skill level 1 in Slings
  1492 | D:1      | Reached skill level 1 in Bows
  1492 | D:1      | Reached skill level 1 in Crossbows
  1492 | D:1      | Reached skill level 1 in Throwing
  1492 | D:1      | Reached skill level 1 in Dodging
  1492 | D:1      | Reached skill level 1 in Shields
  1492 | D:1      | Reached skill level 1 in Unarmed Combat
  1492 | D:1      | Reached skill level 1 in Spellcasting
  1492 | D:1      | Reached skill level 1 in Evocations
  1492 | D:1      | Reached XP level 4. HP: 25/38 MP: 5/5
  1824 | D:2      | Reached skill level 1 in Conjurations
  1824 | D:2      | Reached skill level 1 in Hexes
  1824 | D:2      | Reached skill level 1 in Summonings
  1824 | D:2      | Reached skill level 1 in Necromancy
  1824 | D:2      | Reached skill level 1 in Translocations
  1824 | D:2      | Reached skill level 1 in Transmutations
  1824 | D:2      | Reached skill level 1 in Fire Magic
  1824 | D:2      | Reached skill level 1 in Ice Magic
  1824 | D:2      | Reached skill level 1 in Air Magic
  1824 | D:2      | Reached skill level 1 in Earth Magic
  1824 | D:2      | Reached skill level 1 in Poison Magic
  2037 | D:2      | Found a burning altar of Makhleb.
  2037 | D:2      | Found a sparkling altar of Nemelex Xobeh.
  2041 | D:2      | Found an opulent altar of Gozag.
  2048 | D:2      | Reached XP level 5. HP: 43/43 MP: 6/6
  2051 | D:2      | Became a worshipper of Gozag Ym Sagoz the Greedy
  3057 | D:3      | Noticed Grinder
  3064 | D:3      | Paralysed by Grinder for 7 turns
  3078 | D:3      | Paralysed by Grinder for 5 turns
  3305 | D:3      | Reached XP level 6. HP: 50/50 MP: 8/8
  3385 | D:3      | Paralysed by Grinder for 5 turns
  3990 | D:4      | Reached skill level 5 in Fighting
  3990 | D:4      | Reached skill level 5 in Short Blades
  4044 | D:4      | Noticed Duvessa
  4048 | D:4      | Noticed Dowan
  4104 | D:5      | Entered Level 5 of the Dungeon
  4169 | D:5      | You fall into a shaft and drop 1 floor!
  4170 | D:6      | Noticed Blork the orc
  4171 | D:6      | Found the +9 staff of Olgreb {rPois∞}
  4196 | D:6      | Identified the +3 rapier "Voageo" {holy, rC+ Stlth+}
  4208 | D:6      | Noticed an orc warrior
  4466 | D:5      | Noticed Edmund
  4476 | D:5      | Reached XP level 7. HP: 19/56 MP: 10/10
  4568 | D:5      | Noticed Ijyb
  4572 | D:5      | Found a snail-covered altar of Cheibriados.
  4791 | D:4      | Killed Duvessa
  4792 | D:4      | Reached skill level 7 in Armour
  4801 | D:4      | Killed Dowan
  5036 | D:4      | Found Coecaj's Magic Scroll Boutique.
  5043 | D:4      | Bought a scroll of identify for 22 gold pieces
  5043 | D:4      | Bought a scroll of blinking for 82 gold pieces
  5043 | D:4      | Bought a scroll of magic mapping for 38 gold pieces
  5118 | D:4      | Reached skill level 5 in Stealth
  5172 | D:4      | Found a staircase to the Ecumenical Temple.
  5620 | D:3      | Paralysed by Grinder for 5 turns
  5631 | D:3      | Killed Grinder
  5632 | D:3      | Reached XP level 8. HP: 57/63 MP: 12/12
  5977 | D:4      | Killed Ijyb
  6254 | D:5      | Noticed Eustachio
  6285 | D:5      | Killed Eustachio
  6635 | D:5      | Killed Edmund
  7507 | D:6      | Found a runed translucent door.
  7508 | D:6      | Noticed Crazy Yiuf
  7567 | D:6      | Found a glowing silver altar of Zin.
  7581 | D:6      | Noticed Prince Ribbit
  7588 | D:6      | Killed Prince Ribbit
  7589 | D:6      | Reached XP level 9. HP: 58/69 MP: 14/14
  7705 | D:6      | Learned a level 1 spell: Shock
  7731 | D:6      | Found a bloodstained altar of Trog.
  7732 | D:6      | Found an iron altar of Okawaru.
  7732 | D:6      | You fall into a shaft and drop 3 floors!
  8070 | D:8      | Found a stormy altar of Qazlal.
  8352 | D:7      | Reached skill level 5 in Maces & Flails
  8637 | D:8      | Reached skill level 8 in Armour
  8753 | D:7      | Found a shimmering altar of Xom.
  8816 | D:6      | Noticed Maggie
  8834 | D:6      | Killed Maggie
  8835 | D:6      | Reached skill level 5 in Invocations
  8853 | D:6      | Learned a level 4 spell: Airstrike
  9084 | D:6      | Noticed Sigmund
  9092 | D:6      | Killed Sigmund
  9100 | D:6      | Found a runed translucent gate.
  9102 | D:6      | Found a runed translucent gate.
  9102 | D:6      | Found a runed translucent gate.
  9111 | D:6      | Found a runed translucent door.
  9133 | D:6      | Found a runed translucent door.
  9195 | D:6      | Killed Blork the orc
  9196 | D:6      | Reached XP level 10. HP: 60/77 MP: 11/17
  9442 | D:6      | Killed Crazy Yiuf
 10112 | D:8      | Reached skill level 5 in Long Blades
 10112 | D:8      | Reached skill level 5 in Axes
 10112 | D:8      | Reached skill level 5 in Polearms
 10112 | D:8      | Reached skill level 5 in Staves
 10112 | D:8      | Reached skill level 5 in Slings
 10112 | D:8      | Reached skill level 5 in Bows
 10112 | D:8      | Reached skill level 5 in Crossbows
 10112 | D:8      | Reached skill level 5 in Throwing
 10112 | D:8      | Reached skill level 5 in Dodging
 10112 | D:8      | Reached skill level 5 in Shields
 10112 | D:8      | Reached skill level 5 in Unarmed Combat
 10112 | D:8      | Reached skill level 5 in Spellcasting
 10112 | D:8      | Reached skill level 5 in Evocations
 10484 | D:8      | Found a sparkling altar of Nemelex Xobeh.
 11385 | D:9      | Noticed a deep elf pyromancer
 11396 | D:9      | Killed a deep elf pyromancer
 11697 | D:10     | Entered Level 10 of the Dungeon
 11862 | D:10     | Paralysed by a hornet for 2 turns
 12014 | D:10     | Reached XP level 11. HP: 80/84 MP: 6/19
 12276 | D:10     | Found a stormy altar of Qazlal.
 12427 | D:10     | Noticed a two-headed ogre
 12442 | D:10     | HP: 1/84 [two-headed ogre/+0 giant spiked club (6)]
 12446 | D:10     | Killed a two-headed ogre
 12447 | D:10     | Reached skill level 9 in Armour
 12447 | D:10     | Reached skill level 5 in Conjurations
 12447 | D:10     | Reached skill level 5 in Hexes
 12447 | D:10     | Reached skill level 5 in Summonings
 12447 | D:10     | Reached skill level 5 in Necromancy
 12447 | D:10     | Reached skill level 5 in Translocations
 12447 | D:10     | Reached skill level 5 in Transmutations
 12447 | D:10     | Reached skill level 5 in Fire Magic
 12447 | D:10     | Reached skill level 5 in Ice Magic
 12447 | D:10     | Reached skill level 5 in Air Magic
 12447 | D:10     | Reached skill level 5 in Earth Magic
 12447 | D:10     | Reached skill level 5 in Poison Magic
 13015 | D:11     | Killed an unseen horror
 13131 | D:11     | Slain by a troll

Illustrated notes

Levels and vault maps discovered:
D:1:      wander_arrival_desolate, layout_basic
D:2:      layout_loops_cross, chequers_temple_overflow_statue_of_worship,
          minmay_goblin_kobold_house
D:3:      layout_loops_ring, grunt_decor_arrowhead,
          hangedman_decor_clover_reticule, uniq_grinder
D:4:      layout_loops_ring, minmay_temple_entry_statues_pillars, serial_shops,
          shop, minivault_5, uniq_duvessa
D:5:      layout_cave_pods, old_standard_altar, uniq_ijyb, uniq_eustachio,
          uniq_edmund
D:6:      layout_loops_ring, grunt_temple_overflow_bloody_war,
          lemuel_crystal_altar, corexii_checkpoint_b,
          minmay_guarded_unrand_staff_of_olgreb, uniq_crazy_yiuf_cottage,
          uniq_maggie, uniq_sigmund, uniq_prince_ribbit1, uniq_blork_the_orc
D:7:      layout_cave_pools, xom_confusion_cloud, serial_column_ruins,
          column_ruins_square_small, column_ruins_columns_dead_end,
          column_ruins_corridor_T, column_ruins_columns_straight,
          column_ruins_open_medium, column_ruins_grid_1,
          column_ruins_corridor_straight
D:8:      layout_layer_cave, lemuel_round_altar, chequers_serial_rivers_large_a,
          nemelex_lonely_heart_becter
D:9:      minmay_opposing_rooms, layout_basic
D:10:     layout_loops_ring, minmay_misc_feat_more_columns,
          hangedman_abyss_or_decor_jellyfish_corner, kennysheep_minor_cross,
          nicolae_qazlal_eye_of_the_storm
D:11:     layout_loops_ring, erik_lair_orcish_takeover,
          portal_ice_cave_entry_pillars_2

Skill      XL: |  1  2  3  4  5  6  7  8  9 10 11 |
---------------+----------------------------------+-----
Invocations    | 1 2 3 4 5 6 |  6.8
Long Blades    | 1 2 3 4 5 6 |  6.2
Axes           | 1 2 3 4 5 6 |  6.2
Polearms       | 1 2 3 4 5 6 |  6.2
Staves         | 1 2 3 4 5 6 |  6.2
Slings         | 1 2 3 4 5 6 |  6.2
Bows           | 1 2 3 4 5 6 |  6.2
Crossbows      | 1 2 3 4 5 6 |  6.2
Throwing       | 1 2 3 4 5 6 |  6.2
Dodging        | 1 2 3 4 5 6 |  6.2
Shields        | 1 2 3 4 5 6 |  6.2
Unarmed Combat | 1 2 3 4 5 6 |  6.2
Spellcasting   | 1 2 3 4 5 6 |  6.2
Evocations     | 1 2 3 4 5 6 |  6.2
Conjurations   | 1 2 3 4 5 |  5.1
Hexes          | 1 2 3 4 5 |  5.1
Summonings     | 1 2 3 4 5 |  5.1
Necromancy     | 1 2 3 4 5 |  5.1
Translocations | 1 2 3 4 5 |  5.1
Transmutations | 1 2 3 4 5 |  5.1
Fire Magic     | 1 2 3 4 5 |  5.1
Ice Magic      | 1 2 3 4 5 |  5.1
Air Magic      | 1 2 3 4 5 |  5.1
Earth Magic    | 1 2 3 4 5 |  5.1
Poison Magic   | 1 2 3 4 5 |  5.1
Maces & Flails | 3 4 5 6 |  6.8
Fighting       | 5 6 7 |  7.8
Short Blades   | 5 6 7 |  7.8
Armour         | 7 8 9 |  9.1
Stealth        | 5 6 7 |  7.6

Action                   |  1- 3 |  4- 6 |  7- 9 | 10-12 || total
-------------------------+-------+-------+-------+-------++-------
Melee: Mace              |   122 |       |       |       ||   122
       Bite              |     5 |    17 |    22 |    39 ||    83
       Punch             |     1 |       |     6 |     8 ||    15
       Flail             |       |   221 |       |       ||   221
       Rapier            |       |    13 |   334 |       ||   347
       Long sword        |       |       |    10 |   338 ||   348
 Cast: Shock             |       |       |    79 |    24 ||   103
       Airstrike         |       |       |       |     7 ||     7
Evoke: Wand              |       |     8 |    10 |     9 ||    27
  Use: Scroll            |       |       |     6 |     2 ||     8
       Potion            |       |       |     5 |     3 ||     8
 Stab: Sleeping          |       |     2 |     5 |     9 ||    16
       Distracted        |       |     1 |     1 |     3 ||     5
Armor: Scale mail        |   100 |   146 |   225 |       ||   471
       Steam dragon scal |       |       |     1 |   199 ||   200
Dodge: Dodged            |    98 |   106 |   216 |   305 ||   725
       Rpst.: Long sword |       |       |     2 |    87 ||    89

Table legend: (Time is in decaauts)
 A = Elapsed time spent in this place.
 B = Non-inter-level travel time spent in this place.
 C = Inter-level travel time spent in this place.
 D = Time resting spent in this place.
 E = Time spent auto-exploring this place.
 F = Levels seen in this place.
 G = Mean time per level.
                   A        B        C        D        E       F      G
               +--------+--------+--------+--------+--------+-----+--------+
         Total |  13305 |  12642 |    663 |   1561 |   8102 |  11 | 1209.5 |
       Dungeon |  13305 |  12642 |    663 |   1561 |   8102 |  11 | 1209.5 |
               +--------+--------+--------+--------+--------+-----+--------+

Top non-repeatable levels by time:
     D:4: 1890 daAuts
     D:5: 1521 daAuts
     D:1: 1455 daAuts
     D:8: 1440 daAuts
     D:2: 1257 daAuts
     D:6: 1218 daAuts
    D:10: 1200 daAuts
     D:3: 1191 daAuts
     D:9: 1104 daAuts
     D:7: 812 daAuts
    D:11: 213 daAuts
